← All builds
Tech / Armada / Economy first / OBSERVED BUILD

Standard tech

Armada Tech (Eco) build order · Supreme Isthmus

Rushes T2 factory and T2 constructor early, upgrades team mexes, and supplies the team with T2 constructors while transitioning into eco and defensive units.

Usually first T2 con to Geo (82%)

#t2 #eco #team support · 1786 distinct matches · 271 players · 59% of Armada Tech games · team won 54% of 2112 · Recently observed

HOW TO PLAY IT

Key timing: T2 factory by 4:15

  1. Open 3 mex and heavy wind to fund a fast T2 rush.
  2. Put down Bot Lab, planning to eat it for reclaim soon after.
  3. Get Advanced Bot Lab up, hitting the T2 factory rush timing.
  4. Upgrade mex to Advanced Metal Extractor to lock in team metal income.
  5. Eat Advanced Bot Lab and keep sending cons to Geo and Pond.

Phase by phase

TYPICAL OF ITS 1786 GAMES
  1. 1
  2. 2
  3. 3
  4. 4
PLAY THE OPENING

Follow the example game's first 6:00 step by step: what to build now, what comes next, and where it goes. At 1× it keeps pace with your own game.

  1. 1

    Up to the Bot Lab

    Economy
    • Metal Extractor3Mex
    • Wind Turbine4Wind
    Order
    1. Bot LabBot Lab after 3 mex, 4 winddone ~1:18, middle half 1:13–1:32

    Some games also: energy storage (32%)

    By 1:01 in all: 3 mex · 4 wind

    The example game in this phase · 4 steps
    1. Mex ×3
    2. Wind ×4
    3. Energy storage
    4. Bot LabBot Labdone 1:31 · typical 1:18
  2. 2

    Bot Lab to Advanced Bot Lab

    Economy
    • Metal Extractor1Mex
    • Wind Turbine8Wind
    • Energy Storage1Energy storage
    Order
    1. Advanced Bot LabAdvanced Bot Lab after 4 mex, 12 wind, 3 con turretdone ~4:16, middle half 4:04–4:30
    Builders
    • Construction Turret3 Con turret
    • Lazarus3 Lazarus
    • Construction Bot2 Con bot
    • Construction Bot1 Con bot for allies

    Some games also: converter (36%)

    By 3:18 in all: 4 mex · 12 wind · 1 energy storage · 3 con turret

    The example game in this phase · 14 steps
    1. LazarusLazarus ×2
    2. Construction BotCon bot
    3. Construction BotCon botfor Air
    4. LazarusLazarus
    5. Construction BotCon bot
    6. Mex
    7. LazarusLazarus
    8. Construction BotCon bot
    9. Wind
    10. Con turret
    11. Wind
    12. Con turret
    13. Bot LabEat Bot Labreclaimed for its metal
    14. Advanced Bot LabAdvanced Bot Labdone 4:18 · typical 4:16
  3. 3

    Advanced Bot Lab to 5:00

    Economy
    • Wind Turbine3Wind
    Order
    1. Bot LabEat Bot Lab
    Builders
    • Advanced Construction Bot1 T2 con bot for allies

    Some games also: converter (35%)

    By 5:00 in all: 4 mex · 15 wind · 1 converter · 1 energy storage · 3 con turret

    The example game in this phase · 6 steps
    1. Wind ×3
    2. Advanced Construction BotT2 con botfor Geo
    3. Wind
    4. Advanced Metal ExtractorT2 mexdone 5:11 · typical 5:28
    5. FatboyFatboyfor Ponddone 5:46
    6. Con turret
  4. 4

    5:00 to 10:00

    Economy
    • Wind Turbine43Wind
    • Energy Converter6Converter
    Builders
    • Butler9 Butler
    • Advanced Construction Bot4 T2 con bot for allies
    • Advanced Construction Bot1 T2 con bot

    Some games also: con turret (42%) · Butler for allies (36%)

    By 10:00 in all: 4 mex · 59 wind · 8 converter · 1 energy storage · 3 con turret

    The example game in this phase · 103 steps
    1. Wind
    2. Con turret
    3. Wind ×4
    4. Advanced Construction BotT2 con botfor Air
    5. Wind ×2
    6. Advanced Metal ExtractorT2 mex
    7. Wind
    8. Advanced Construction BotT2 con bot
    9. Converter
    10. Advanced Metal ExtractorT2 mex
    11. Converter ×2
    12. Advanced Construction BotT2 con botfor Geo sea
    13. Wind ×4
    14. Advanced Construction BotT2 con botfor Pond
    15. Advanced Metal ExtractorT2 mex
    16. Wind ×2
    17. Advanced Construction BotT2 con botfor Beach sea
    18. Con turret
    19. ButlerButlerfor Geo sea
    20. Con turret
    21. ButlerButlerfor Geo sea
    22. Wind
    23. Advanced Construction BotT2 con botfor Front
    24. Wind ×7
    25. Advanced Construction BotT2 con bot
    26. Fusion ReactorFusiondone 11:55
    27. Wind ×4
    28. Converter ×5
    29. Wind ×3
    30. Converter
    31. Wind ×3
    32. Con turret
    33. Wind ×13
    34. Converter ×2
    35. Wind
    36. Con turret
    37. Advanced Construction BotT2 con bot
    38. Converter
    39. Wind ×2
    40. Con turret
    41. Advanced Construction BotT2 con bot
    42. Wind ×2
    43. Fusion ReactorFusion
    44. Wind
    45. Con turret
    46. Wind ×5
    47. Con turret
    48. Wind
    49. Con turret
    50. Wind ×3
    51. Converter
    52. Wind ×2
    53. Converter
    54. Wind
    55. Advanced Construction BotT2 con bot
    56. Wind
    57. Converter
    58. Wind ×6
    59. T2 converter
    60. Converter
    61. Wind
    62. Converter
    63. Wind
    64. Converter
    65. Wind ×5
    66. Advanced Bot LabEat Advanced Bot Labreclaimed for its metal
    67. Wind
    68. Con turret
    69. Wind
    70. Con turret
    71. Wind ×4
    72. Con turret
    73. Wind ×2
    74. CitadelAnti-nukedone 14:51
    75. Wind ×2
    76. Con turret
    77. Wind ×2
    78. Converter
    79. Con turret
    80. Wind
    81. Converter
    82. Wind
    83. Converter
    84. Wind ×4
    85. Con turret
    86. Advanced Fusion ReactorAdvanced Fusion Reactornot finished by 15:00
    87. Wind ×3
    88. Con turret
    89. Wind ×2
    90. Converter
    91. Con turret
    92. Wind
    93. Converter
    94. Wind
    95. Converter
    96. Con turret
    97. Wind ×10
    98. Metal storage
    99. Wind ×3
    100. T2 converter
    101. Con turret
    102. Wind
    103. Converter ×2

Counts are medians over the build's games: half of them build more, half fewer. The example game is JesterB's (31 OS, 15/10/2026); pick another.

Team trades

IN AT LEAST 30% OF ITS GAMES

You hand over

  • Construction Bot1 Con bot to Airfirst at 2:23 · in 83% of games
  • Advanced Construction Bot5 T2 con bot to Air or Geo sea or Pondfirst at 4:51 · in 99% of games
  • Butler2 Butler to Geo sea or Beach sea or Pondfirst at 9:06 · in 42% of games

You get

  • Hercules1 Light transport from Airfirst at 4:01 · in 86% of games

How it plays out

Typical game of this build, running totals by minute

Metal produced

020k40k
0:005:0010:0015:00

metal

Enemy metal destroyed

050100
0:005:0010:0015:00

metal

Own metal lost

050100150
0:005:0010:0015:00

metal

2112 games.

Show as table
ByMetal produced: This buildEnemy metal destroyed: This buildOwn metal lost: This build
1:0038300
2:0091500
3:00165500
4:00314900
5:00484700
6:00580500
7:00724600
8:00908400
9:001121400
10:001354100
11:001625700
12:001967800
13:002346100
14:0027368074
15:003160391130
WHAT THE NUMBERS SAY

Standard Tech play barely fights at all early, instead pouring metal into T2 infrastructure and constructors for the team.

  • + Metal produced hits 31679 by 15:00, by far the highest of any role here.
  • + T2 factory reached in 97% of games by 4:15, fastest and most reliable T2 timing.
  • − Enemy metal destroyed stays at 0 through 10:00, no early offense at all.
  • − Own metal lost also near 0, showing total avoidance of combat risk.
THE EXAMPLE YOU ARE READING

JesterB

30.7 OS · 15/10/2026

Open source match ↗

2 received units
3147 metal received · 33866 energy received

Allied construction assistance is unknown. Timings are observations, not a promise of solo reproducibility.

Typical milestones

Bot Lab1:18Middle 50%: 1:13–1:32 · n=2112
Advanced Bot Lab4:16Middle 50%: 4:04–4:30 · n=2105
Advanced Metal Extractor5:28Middle 50%: 5:05–5:58 · n=2108

Played most by

Amrissa97games of this buildTheGeneraI70games of this buildAdeus62games of this buildUncle_Cane60games of this buildCrouxy54games of this build